 Dungeon Crawl Stone Soup version 0.29.1-1-gd02db69 (webtiles) character file.

Game seed: 15315744351406970272

135 Timinator the Insei (level 4, -4/36 HPs)
             Began as a Demigod Transmuter on Jan 5, 2023.
             Slain by Natasha (8 damage)
             ... on level 2 of the Dungeon.
             The game lasted 00:06:27 (2299 turns).

Timinator the Insei (Demigod Transmuter)            Turns: 2299, Time: 00:06:29

Health: -4/36      AC:  3    Str: 11    XL:     4   Next: 65%
Magic:  9/9        EV: 12    Int: 15    God:
Gold:   94         SH:  0    Dex: 18    Spells: 3/6 levels left

rFire   + . .      SeeInvis .     - Unarmed
rCold   + . .      Faith    .   (no shield)
rNeg    . . .      Spirit   .   g - +0 leather armour
rPois   +          Reflect  .   (no helmet)
rElec   +          Harm     .   (no cloak)
rCorr   +          Rampage  .   (no gloves)
Will    .....                   (no boots)
Stlth   +.........              (no amulet)
HPRegen 0.12/turn               (no ring)
MPRegen 0.11/turn               (no ring)

@: brilliant, resistant
A: high MP 1, forlorn, divine attributes
a: no special abilities


You were on level 2 of the Dungeon.
You visited 1 branch of the dungeon, and saw 3 of its levels.

You collected 94 gold pieces.

Inventory:

Missiles
 f - 2 throwing nets
Armour
 a - a +0 robe
 g - a +0 leather armour (worn)
Scrolls
 d - a scroll of summoning {unknown}
 i - a scroll of acquirement {unknown}
 k - a scroll of blinking {unknown}
 l - a scroll of teleportation {unknown}
Potions
 j - 2 potions of mutation


   Skills:
 * Level 1.9 Fighting
 * Level 1.5 Armour
 * Level 2.6 Dodging
 + Level 3.6 Unarmed Combat
 + Level 1.9 Spellcasting
 - Level 2.1 Transmutations


You had 3 spell levels left.
You knew the following spells:

 Your Spells              Type           Power      Damage    Failure   Level
a - Beastly Appendage     Tmut           22%        N/A       12%         1
b - Wereblood             Tmut           11%        N/A       19%         2

Your spell library contained the following spells:

 Spells                   Type           Power      Damage    Failure   Level
 Spider Form              Tmut/Pois      7%         N/A       50%         3
 Dazzling Flash           Conj/Hex       4%         N/A       65%         3
 Ice Form                 Ice/Tmut       7%         N/A       88%         4
 Iskenderun's Mystic Bla  Conj/Tloc      2%         2d3       96%         4
 Starburst                Conj/Fire      1%         6d3       100%        6


Dungeon Overview and Level Annotations

Branches:
Dungeon (3/15)

Shops:
D:1 *   D:2 [

Annotations:
D:2 1 runed translucent door, Crazy Yiuf, Natasha


Innate Abilities, Weirdness & Mutations

You have an increased reservoir of magic. (+10% MP)
You shall have no god before yourself.
Your divine heritage dramatically boosts your attributes as you level up.


Message History

Natasha completely misses you.
Your horns disappear.
Your talons disappear.
Natasha casts a spell at you. You resist with some effort.
You're too confused to cast spells.
Unknown command.
You feel less invigorated.
You feel less confused.
Natasha mumbles some strange words.
You hit Natasha.
Natasha is lightly wounded.
Natasha stares at you and mumbles some strange words.
The magic dart hits you.
You closely miss Natasha.
Natasha is lightly wounded.
Natasha barely misses you.
You barely miss Natasha. Natasha claws you!
* * * LOW HITPOINT WARNING * * *
Okay, then.
You hit Natasha.
Natasha is moderately wounded.
The shadow imp disappears in a puff of smoke!
Natasha barely misses you.
You barely miss Natasha.
Natasha is moderately wounded.
Natasha barely misses you.
You barely miss Natasha.
Natasha is moderately wounded.
Natasha mumbles some strange words.
You closely miss Natasha.
Natasha is moderately wounded.
Natasha casts a spell.
You hit Natasha.
Natasha is heavily wounded.
The white imp hits you.
* * * LOW HITPOINT WARNING * * *
The white imp freezes you. You resist.
* * * LOW HITPOINT WARNING * * *
Natasha claws you!
You die...

##########
#5h@5....#
#5######.# #########
#.# #.# ....)...#
#.# ####.### ###
#######.# #.#
#......# ##.## #.#
#.###.##.#.####...##
#####.#
#.#......#.......)..
#.....#
#.#.#.##.######..<##
#.##### #........#
##.##


You could see Natasha, a crimson imp (summoned), a white imp (summoned) and a
shadow imp (summoned).

Vanquished Creatures
  A phantom (D:2)
  A gnoll (D:1)
  3 worms (D:2)
  4 dart slugs
  5 bats
  An endoplasm (D:1)
  A giant cockroach (D:1)
  2 goblins (D:1)
  4 hobgoblins (D:1)
  6 kobolds
  8 ball pythons
  2 frilled lizards (D:1)
  2 rats (D:2)
40 creatures vanquished.

Notes
Turn   | Place    | Note
-------+----------+-------------------------------------------
     0 | D:1      | Timinator the Demigod Transmuter began the quest for the
                  | Orb.
     0 | D:1      | Reached XP level 1. HP: 15/15 MP: 5/5
   188 | D:1      | Reached skill level 1 in Fighting
   192 | D:1      | Reached XP level 2. HP: 12/23 MP: 5/7
   538 | D:1      | Reached skill level 3 in Unarmed Combat
   708 | D:1      | Found Yxzifafy's Assorted Antiques.
   886 | D:1      | Reached XP level 3. HP: 28/28 MP: 6/8
  1359 | D:2      | Learned a level 2 spell: Wereblood
  1401 | D:2      | Noticed a phantom
  1411 | D:2      | Reached skill level 1 in Armour
  1414 | D:2      | Killed a phantom
  1415 | D:2      | Reached XP level 4. HP: 14/36 MP: 9/9
  1767 | D:2      | Found Jovaew's Antique Armour Emporium.
  2177 | D:2      | Found a runed translucent door.
  2178 | D:2      | Noticed Crazy Yiuf
  2275 | D:3      | Noticed Natasha
  2299 | D:2      | Slain by Natasha

Illustrated notes

Levels and vault maps discovered:
D:1:      lemuel_arrival_river_bridge, layout_rooms, serial_shops, shop
D:2:      layout_loops_corners, serial_shops, nicolae_shop_crystal,
          shapermc_ecumenical_altar_mp_highgroup, minmay_tetromino_l4,
          uniq_crazy_yiuf_cottage
D:3:      layout_basic, mainiacjoe_overflow_concentric_impassable,
          ashenzari_altar_1, uniq_natasha

Skill      XL: |  1  2  3 |
---------------+----------+-----
Fighting       | 1 |  1.9
Transmutations | 2 |  2.1
Dodging        | 2 |  2.6
Unarmed Combat | 3 |  3.6
Armour         | 1 |  1.5
Spellcasting   | |  1.9

Action                   |  1- 3 |  4- 6 || total
-------------------------+-------+-------++-------
Melee: Unarmed           |    88 |    16 ||   104
       Kick              |    28 |     1 ||    29
       Headbutt          |    10 |     1 ||    11
 Cast: Beastly Appendage |    17 |     4 ||    21
  Use: Potion            |     1 |     3 ||     4
       Scroll            |       |     3 ||     3
Armor: Robe              |     4 |       ||     4
       Skin              |    16 |       ||    16
       Leather armour    |    10 |     6 ||    16
Dodge: Dodged            |    42 |    13 ||    55
